AoeStats
← O grande

Arabia

507308786Analyzed
1v1 RM · 14d ago on Sep 17, 2026· 48m 32s· 2 players
Game mode
Random Map
Map size
Tiny (2 player)
Population
200
Speed
Normal
Resources
Standard
Victory
Conquest
Starting age
Dark Age
Ending age
Imperial Age
RankedLock teamsTeams togetherTeam positionsShared explorationLock speedFull tech treeHidden civsTurbo modeCheats
Victory
Defeat
🇧🇷 Byzantines · Brazil
1968
+17
🇵🇹 Byzantines · Portugal
1998
-17
O grande
6:34 Loom
9:02 Feudal Age
10:01 Double-Bit Axe
12:03 Horse Collar
19:48 Castle Age
18:24 Fletching
18:35 Padded Archer Armor
20:25 Bodkin Arrow
19:59 Elite Skirmisher
23:00 Bow Saw
23:31 Wheelbarrow
23:00 Heavy Plow
24:25 Gold Mining
32:51 Imperial Age
32:11 Hand Cart
32:42 Ballistics
33:41 Leather Archer Armor
33:34 Bracer
35:14 Chemistry
35:23 Scale Barding Armor
36:24 Chain Barding Armor
36:40 Forging
37:15 Husbandry
37:48 Conscription
38:12 Plate Barding Armor
37:43 Devotion
38:57 Two-Man Saw
38:27 Crop Rotation
39:23 Iron Casting
38:48 Treadmill Crane
39:03 Murder Holes
39:43 Leather Archer Armor
40:22 Crop Rotation
40:27 Gold Shaft Mining
40:44 Light Cavalry
42:56 Ring Archer Armor
42:17 Hussar
43:03 Pikeman
43:44 Squires
43:29 Arson
43:45 Scale Mail Armor
45:38 Chain Mail Armor
46:23 Stone Mining
46:29 Halberdier
47:46 Plate Mail Armor
47:15 Gambesons
BSL | Av3stan
6:27 Loom
8:39 Feudal Age
9:24 Double-Bit Axe
15:05 Fletching
20:42 Castle Age
19:14 Horse Collar
19:54 Padded Archer Armor
20:48 Elite Skirmisher
21:23 Bodkin Arrow
21:30 Gold Mining
21:54 Bow Saw
24:13 Wheelbarrow
24:50 Ballistics
26:36 Hand Cart
31:24 Imperial Age
32:07 Bracer
33:15 Chemistry
35:03 Leather Archer Armor
37:50 Treadmill Crane
39:19 Conscription
39:33 Heavy Plow
40:34 Two-Man Saw
43:51 Block Printing
43:47 Redemption
46:08 Scale Barding Armor
46:34 Ring Archer Armor
46:24 Husbandry
45:44 Heavy Camel Rider
47:16 Crop Rotation
47:22 Gold Shaft Mining
47:52 Chain Barding Armor
Connection lost

Rejoining the realm…

Still unreachable

The connection could not be restored.

Session expired

The server has moved on; the page needs a fresh start.